| TOP OF THE 1ST |
|
Panama City Capitales batting - Pitching for Castries Palmeras : RHP Keith MacWhorter
|
|
Pitching: RHP Keith MacWhorter
|
|
|
Batting: SHB Willie Wilson
|
0-0: Called Strike 0-1: Foul Ball, location: 2F 0-2: SINGLE (Line Drive, 78M, EV 101.3 MPH)
|
|
Batting: LHB Jessie Reid
|
0-0: Called Strike 0-1: Ball 1-1: Ball 2-1: Foul Ball, location: 2F 2-2: Strikes out looking
|
|
Batting: RHB David Hall
|
0-0: Ball 1-0: Ball 2-0: Foul Ball, location: 2F 2-1: SINGLE (Flyball, 89S, EV 88.8 MPH) Willie Wilson to second Runner from 2nd tries for 3rd, SAFE, throw by RF made to third
|
|
Batting: RHB Armando Moreno
|
0-0: Ball 1-0: Called Strike 1-1: Foul Ball, location: 2F 1-2: Ball David Hall steals 2nd base 2-2: Fly out, F9 (Line Drive, 9, EV 96.9 MPH) Runner from 3rd tags up, SCORES, no throw by RF
|
|
Batting: LHB Preston Cash
|
0-0: Ball 1-0: Called Strike 1-1: Foul Ball, location: 2F 1-2: Strikes out swinging
|
| Top of the 1st over - 1 run, 2 hits, 0 errors, 1 left on base; Panama City 1 - Castries 0 |
| BOTTOM OF THE 1ST |
|
Castries Palmeras batting - Pitching for Panama City Capitales : RHP Jeffrey Arney
|
|
Pitching: RHP Jeffrey Arney
|
|
|
Batting: SHB Ignacio Medina
|
0-0: Called Strike 0-1: Ball 1-1: Bunt missed! 1-2: Ball 2-2: SINGLE (Groundball, 34D, EV 101.3 MPH)
|
|
Batting: LHB Leo Sutherland
|
0-0: Fly out, F9 (Flyball, 9S, EV 76.9 MPH)
|
|
Batting: RHB Kevin McReynolds
|
0-0: Ball Ignacio Medina steals 2nd base 1-0: Called Strike 1-1: Foul Ball, location: 2F 1-2: Ball 2-2: Ball 3-2: Base on Balls
|
|
Batting: LHB Dan Logan
|
0-0: Ball Ignacio Medina steals 3rd, throwing error, E2 Ignacio Medina scores Kevin McReynolds to third 1-0: Called Strike 1-1: Called Strike 1-2: Ball 2-2: Strikes out looking
|
|
Batting: RHB Rob Teegarden
|
0-0: Ball 1-0: Foul Ball, location: 2F 1-1: Swinging Strike 1-2: Foul Ball, location: 2F 1-2: Foul Ball, location: 2F 1-2: Ball 2-2: Fly out, F8 (Line Drive, 8LD, EV 92.5 MPH)
|
| Bottom of the 1st over - 1 run, 1 hit, 1 error, 1 left on base; Panama City 1 - Castries 1 |
| TOP OF THE 2ND |
|
Panama City Capitales batting - Pitching for Castries Palmeras : RHP Keith MacWhorter
|
|
Batting: LHB George Kaage
|
0-0: Ball 1-0: Ball 2-0: Called Strike 2-1: Ground out U3 (Groundball, 3, EV 81.9 MPH)
|
|
Batting: RHB Rod Allen
|
0-0: Called Strike 0-1: Foul Ball, location: 2F 0-2: Ground out 4-3 (Groundball, 4, EV 80.6 MPH)
|
|
Batting: SHB Mark Bailey
|
0-0: Called Strike 0-1: Swinging Strike 0-2: Strikes out swinging
|
| Top of the 2nd over - 0 runs, 0 hits, 0 errors, 0 left on base; Panama City 1 - Castries 1 |
| BOTTOM OF THE 2ND |
|
Castries Palmeras batting - Pitching for Panama City Capitales : RHP Jeffrey Arney
|
|
Batting: LHB Franklin Lopez
|
0-0: SINGLE (Groundball, 56, EV 103.1 MPH)
|
|
Batting: LHB Scott Bradley
|
0-0: Called Strike 0-1: Foul Ball, location: 2F 0-2: Ball 1-2: Foul Ball, location: 2F 1-2: Ball 2-2: Fielders Choice at 2nd, 4-6 (Groundball, 34D, EV 87.5 MPH)
|
|
Batting: RHB Mike Sharperson
|
0-0: Called Strike 0-1: Ball 1-1: Called Strike 1-2: Foul Ball, location: 2F 1-2: Fly out, F7 (Flyball, 7S, EV 80.6 MPH)
|
|
Batting: RHB Tony Walker
|
0-0: SINGLE (Line Drive, 78M, EV 96.3 MPH) Scott Bradley to second Runner from 2nd tries for 3rd, SAFE, throw by LF made to third Tony Walker to second
|
|
Batting: SHB Ignacio Medina
|
0-0: Ball 1-0: Ball 2-0: Ball 3-0: Base on Balls
|
|
Batting: LHB Leo Sutherland
|
0-0: Ball Wild Pitch! Scott Bradley scores Tony Walker to third Ignacio Medina to second 1-0: Ball 2-0: Fly out, F4 (Popup, 4S, EV 83.1 MPH)
|
| Bottom of the 2nd over - 1 run, 2 hits, 0 errors, 2 left on base; Panama City 1 - Castries 2 |
| TOP OF THE 3RD |
|
Panama City Capitales batting - Pitching for Castries Palmeras : RHP Keith MacWhorter
|
|
Batting: SHB Curt Wilkerson
|
0-0: Ground out 5-3 (Groundball, 56, EV 88.8 MPH)
|
|
Batting: SHB Willie Wilson
|
0-0: Called Strike 0-1: Ball 1-1: Fly out, F5 (Popup, P, EV 86.9 MPH)
|
|
Batting: LHB Jessie Reid
|
0-0: Foul Ball, location: 2F 0-1: Hit by Pitch
|
|
Batting: RHB David Hall
|
0-0: Ball Jessie Reid is caught stealing 2nd base 2-4
|
| Top of the 3rd over - 0 runs, 0 hits, 0 errors, 0 left on base; Panama City 1 - Castries 2 |
| BOTTOM OF THE 3RD |
|
Castries Palmeras batting - Pitching for Panama City Capitales : RHP Jeffrey Arney
|
|
Batting: RHB Kevin McReynolds
|
0-0: Ball 1-0: Fly out, F5 (Popup, 6S, EV 85.6 MPH)
|
|
Batting: LHB Dan Logan
|
0-0: Foul Ball, location: 2F 0-1: Ball 1-1: Ball 2-1: Called Strike 2-2: Ball 3-2: Base on Balls
|
|
Batting: RHB Rob Teegarden
|
0-0: Ball 1-0: Ball 2-0: Ball 3-0: Called Strike 3-1: Fielders Choice at 2nd, 5-4 (Groundball, 15, EV 79.4 MPH)
|
|
Batting: LHB Franklin Lopez
|
0-0: Ball 1-0: Foul Ball, location: 2F 1-1: Called Strike 1-2: Fly out, F4 (Popup, 4S, EV 74.4 MPH)
|
| Bottom of the 3rd over - 0 runs, 0 hits, 0 errors, 1 left on base; Panama City 1 - Castries 2 |
| TOP OF THE 4TH |
|
Panama City Capitales batting - Pitching for Castries Palmeras : RHP Keith MacWhorter
|
|
Batting: RHB David Hall
|
0-0: DOUBLE (Line Drive, 89XD, EV 105.0 MPH)
|
|
Batting: RHB Armando Moreno
|
0-0: Ball Passed Ball! David Hall to third 1-0: Ball 2-0: Ball 3-0: Base on Balls
|
|
Batting: LHB Preston Cash
|
0-0: Called Strike 0-1: Fielders Choice at 2nd, 3-6 (Groundball, 34S, EV 90.6 MPH) David Hall scores
|
|
Batting: LHB George Kaage
|
0-0: Ball 1-0: Called Strike 1-1: Grounds into double play, U6-3 (Groundball, 4M, EV 96.9 MPH)
|
| Top of the 4th over - 1 run, 1 hit, 0 errors, 0 left on base; Panama City 2 - Castries 2 |
| BOTTOM OF THE 4TH |
|
Castries Palmeras batting - Pitching for Panama City Capitales : RHP Jeffrey Arney
|
|
Batting: LHB Scott Bradley
|
0-0: Ball 1-0: Ball 2-0: Ground out 6-3 (Groundball, 6, EV 81.9 MPH)
|
|
Batting: RHB Mike Sharperson
|
0-0: Foul Ball, location: 2F 0-1: Swinging Strike 0-2: Ball 1-2: Ball 2-2: Strikes out swinging
|
|
Batting: RHB Tony Walker
|
0-0: Ground out 6-3 (Groundball, 6S, EV 85.0 MPH)
|
| Bottom of the 4th over - 0 runs, 0 hits, 0 errors, 0 left on base; Panama City 2 - Castries 2 |
| TOP OF THE 5TH |
|
Panama City Capitales batting - Pitching for Castries Palmeras : RHP Keith MacWhorter
|
|
Batting: RHB Rod Allen
|
0-0: Ball 1-0: Ball 2-0: Called Strike 2-1: Fly out, F8 (Flyball, 78D, EV 102.5 MPH)
|
|
Batting: SHB Mark Bailey
|
0-0: Ball 1-0: Ball 2-0: Bunt - Flyout to 23! F3
|
|
Batting: SHB Curt Wilkerson
|
0-0: Foul Ball, location: 2F 0-1: Ball 1-1: Swinging Strike 1-2: Fly out, F5 (Popup, 56S, EV 81.3 MPH)
|
| Top of the 5th over - 0 runs, 0 hits, 0 errors, 0 left on base; Panama City 2 - Castries 2 |
| BOTTOM OF THE 5TH |
|
Castries Palmeras batting - Pitching for Panama City Capitales : RHP Jeffrey Arney
|
|
Batting: SHB Ignacio Medina
|
0-0: Called Strike 0-1: Ball 1-1: Swinging Strike 1-2: Foul Ball, location: 2F 1-2: Foul Ball, location: 2F 1-2: Ball 2-2: Ball 3-2: Foul Ball, location: 2F 3-2: Fly out, F2 (Popup, 25F, EV 78.1 MPH)
|
|
Batting: LHB Leo Sutherland
|
0-0: Ball 1-0: Ball 2-0: Fly out, F8 (Flyball, 89S, EV 95.6 MPH)
|
|
Batting: RHB Kevin McReynolds
|
0-0: Ball 1-0: Called Strike 1-1: Ball 2-1: Ball 3-1: Base on Balls
|
|
Batting: LHB Dan Logan
|
0-0: Ball 1-0: Ball 2-0: Foul Ball, location: 2F 2-1: Swinging Strike 2-2: Strikes out swinging
|
| Bottom of the 5th over - 0 runs, 0 hits, 0 errors, 1 left on base; Panama City 2 - Castries 2 |
| TOP OF THE 6TH |
|
Panama City Capitales batting - Pitching for Castries Palmeras : RHP Keith MacWhorter
|
|
Batting: SHB Willie Wilson
|
0-0: Ball 1-0: Ball 2-0: Fly out, F8 (Flyball, 8RD, EV 80.6 MPH)
|
|
Batting: LHB Jessie Reid
|
0-0: Ball 1-0: Ball 2-0: Ground out 5-3 (Groundball, 56, EV 93.8 MPH)
|
|
Batting: RHB David Hall
|
0-0: Called Strike 0-1: Swinging Strike 0-2: Ball 1-2: Ball 2-2: Ball 3-2: Base on Balls
|
|
Batting: RHB Armando Moreno
|
0-0: Called Strike 0-1: Ball 1-1: Foul Ball, location: 2F 1-2: Strikes out swinging
|
| Top of the 6th over - 0 runs, 0 hits, 0 errors, 1 left on base; Panama City 2 - Castries 2 |
| BOTTOM OF THE 6TH |
|
Castries Palmeras batting - Pitching for Panama City Capitales : RHP Jeffrey Arney
|
|
Batting: RHB Rob Teegarden
|
0-0: Called Strike 0-1: Ball 1-1: Called Strike 1-2: Ball 2-2: Strikes out swinging
|
|
Batting: LHB Franklin Lopez
|
0-0: Ground out 5-3 (Groundball, 5, EV 105.0 MPH)
|
|
Batting: LHB Scott Bradley
|
0-0: Fly out, F7 (Line Drive, 7, EV 88.8 MPH)
|
| Bottom of the 6th over - 0 runs, 0 hits, 0 errors, 0 left on base; Panama City 2 - Castries 2 |
| TOP OF THE 7TH |
|
Panama City Capitales batting - Pitching for Castries Palmeras : RHP Keith MacWhorter
|
|
Batting: LHB Preston Cash
|
0-0: Ball 1-0: Ball 2-0: Ball 3-0: Called Strike 3-1: Base on Balls
|
|
Batting: LHB George Kaage
|
0-0: Ball 1-0: Ball 2-0: Foul Ball, location: 2F 2-1: Foul Ball, location: 2F 2-2: Ball 3-2: Grounds into double play, 1-6-3 (Groundball, 13S, EV 71.9 MPH)
|
|
Batting: RHB Rod Allen
|
0-0: Foul Ball, location: 2F 0-1: Ball 1-1: Ball 2-1: Ball 3-1: Foul Ball, location: 2F 3-2: Ground out 5-3 (Groundball, 56, EV 90.6 MPH)
|
| Top of the 7th over - 0 runs, 0 hits, 0 errors, 0 left on base; Panama City 2 - Castries 2 |
| BOTTOM OF THE 7TH |
|
Castries Palmeras batting - Pitching for Panama City Capitales : RHP Jeffrey Arney
|
|
Batting: RHB Mike Sharperson
|
0-0: Called Strike 0-1: Ball 1-1: Ball 2-1: Foul Ball, location: 2F 2-2: SINGLE (Line Drive, 3D, EV 97.5 MPH)
|
|
Batting: RHB Tony Walker
|
0-0: Foul Ball, location: 2F 0-1: Swinging Strike 0-2: Grounds into double play, 5-4-3 (Groundball, 15, EV 86.3 MPH)
|
|
Batting: SHB Ignacio Medina
|
0-0: Ball 1-0: Ball 2-0: Foul Ball, location: 2F 2-1: Ground out U3 (Groundball, 3, EV 81.3 MPH)
|
| Bottom of the 7th over - 0 runs, 1 hit, 0 errors, 0 left on base; Panama City 2 - Castries 2 |
| TOP OF THE 8TH |
|
Panama City Capitales batting - Pitching for Castries Palmeras : RHP Keith MacWhorter
|
|
Batting: SHB Mark Bailey
|
0-0: Swinging Strike 0-1: Foul Ball, location: 2F 0-2: Foul Ball, location: 2F 0-2: Ball 1-2: Ball 2-2: Ball 3-2: Foul Ball, location: 2F 3-2: Base on Balls
|
|
Batting: SHB Curt Wilkerson
|
0-0: Bunted foul 0-1: Sac Bunt to 2R - play at first, batter OUT! 2-4 Mark Bailey to second
|
|
Batting: SHB Willie Wilson
|
0-0: Intentional Walk
|
|
Batting: LHB Jessie Reid
|
0-0: Swinging Strike 0-1: Foul Ball, location: 2F 0-2: Fly out, F9 (Line Drive, 9, EV 88.8 MPH)
|
|
Batting: RHB David Hall
|
0-0: Fielders Choice at 2nd, 5-4 (Groundball, 56, EV 83.8 MPH)
|
| Top of the 8th over - 0 runs, 0 hits, 0 errors, 2 left on base; Panama City 2 - Castries 2 |
| BOTTOM OF THE 8TH |
|
Castries Palmeras batting - Pitching for Panama City Capitales : RHP Jeffrey Arney
|
|
Pitching: LHP Jose Paz
|
|
|
Batting: LHB Leo Sutherland
|
0-0: Ball 1-0: Ball 2-0: Foul Ball, location: 2F 2-1: Foul Ball, location: 2F 2-2: Ball 3-2: Foul Ball, location: 2F 3-2: Strikes out swinging
|
|
Batting: RHB Kevin McReynolds
|
0-0: Reached on error, E2 (Groundball, 2L, EV 71.9 MPH)
|
|
Batting: LHB Dan Logan
|
0-0: Called Strike 0-1: Ball 1-1: Swinging Strike 1-2: Strikes out swinging
|
|
Batting: RHB Rob Teegarden
|
0-0: Ball 1-0: Ball 2-0: Called Strike 2-1: Foul Ball, location: 2F 2-2: Strikes out swinging
|
| Bottom of the 8th over - 0 runs, 0 hits, 1 error, 1 left on base; Panama City 2 - Castries 2 |
| TOP OF THE 9TH |
|
Panama City Capitales batting - Pitching for Castries Palmeras : RHP Keith MacWhorter
|
|
Pitching: LHP Richard Broas
|
|
|
Batting: RHB Armando Moreno
|
0-0: Called Strike 0-1: Ball 1-1: Ball 2-1: Called Strike 2-2: Ball 3-2: Fly out, F8 (Flyball, 8LD, EV 87.5 MPH)
|
|
Batting: RHB Pedro Guerrero
|
0-0: Called Strike 0-1: Ball 1-1: Called Strike 1-2: Ground out U3 (Groundball, 3S, EV 86.3 MPH)
|
|
Batting: LHB George Kaage
|
0-0: Swinging Strike 0-1: Called Strike 0-2: Strikes out swinging
|
| Top of the 9th over - 0 runs, 0 hits, 0 errors, 0 left on base; Panama City 2 - Castries 2 |
| BOTTOM OF THE 9TH |
|
Castries Palmeras batting - Pitching for Panama City Capitales : LHP Jose Paz
|
|
Pinch Hitting: RHB Chuckie Canady
|
0-0: Ball 1-0: Foul Ball, location: 2F 1-1: Ball 2-1: Swinging Strike 2-2: Foul Ball, location: 2F 2-2: Strikes out swinging
|
|
Batting: LHB Scott Bradley
|
0-0: Foul Ball, location: 2F 0-1: Fly out, F8 (Flyball, 8LD, EV 87.5 MPH)
|
|
Batting: RHB Mike Sharperson
|
0-0: Ball 1-0: Called Strike 1-1: Foul Ball, location: 2F 1-2: Ground out 4-3 (Groundball, 4, EV 106.9 MPH)
|
| Bottom of the 9th over - 0 runs, 0 hits, 0 errors, 0 left on base; Panama City 2 - Castries 2 |
| TOP OF THE 10TH |
|
Panama City Capitales batting - Pitching for Castries Palmeras : LHP Richard Broas
|
|
Now in RF: Chuckie Canady
|
|
|
Batting: RHB Rod Allen
|
0-0: Ball 1-0: Ball 2-0: Ball 3-0: Base on Balls
|
|
Batting: SHB Mark Bailey
|
0-0: Swinging Strike 0-1: Swinging Strike 0-2: Strikes out looking
|
|
Batting: SHB Curt Wilkerson
|
0-0: Called Strike 0-1: Foul Ball, location: 2F 0-2: Ball 1-2: DOUBLE (Groundball, 3L, EV 100.6 MPH) Rod Allen to third Runner from 3rd tries for Home, SAFE, throw by RF to home
|
|
Batting: SHB Willie Wilson
|
0-0: Intentional Walk
|
|
Batting: LHB Jessie Reid
|
0-0: Ball 1-0: Called Strike 1-1: Foul Ball, location: 2F 1-2: SINGLE (Line Drive, 8RS, EV 102.5 MPH) Curt Wilkerson to third Willie Wilson to second Runner from 3rd tries for Home, SAFE, throw by CF to home
|
|
Pitching: RHP Dave Shipanoff
|
|
|
Batting: RHB David Hall
|
0-0: Swinging Strike 0-1: Ball 1-1: Ball 2-1: Ball 3-1: Called Strike 3-2: Fly out, F7 (Flyball, 78M, EV 89.4 MPH)
|
|
Batting: RHB Armando Moreno
|
0-0: Ball 1-0: Called Strike 1-1: Foul Ball, location: 2F 1-2: Foul Ball, location: 2F 1-2: Strikes out swinging
|
| Top of the 10th over - 2 runs, 2 hits, 0 errors, 2 left on base; Panama City 4 - Castries 2 |
| BOTTOM OF THE 10TH |
|
Castries Palmeras batting - Pitching for Panama City Capitales : LHP Jose Paz
|
|
Now at 1B: Tony Ramirez
|
|
|
Now at 3B: Jordan Medrano
|
|
|
Now in RF: Gary Holden
|
|
|
Batting: RHB Tony Walker
|
0-0: Ball 1-0: Foul Ball, location: 2F 1-1: Ball 2-1: Foul Ball, location: 2F 2-2: Strikes out looking
|
|
Batting: SHB Ignacio Medina
|
0-0: Ball 1-0: Foul Ball, location: 2F 1-1: DOUBLE (Line Drive, 9LM, EV 98.8 MPH)
|
|
Batting: LHB Leo Sutherland
|
0-0: Ball 1-0: Ball 2-0: Swinging Strike 2-1: Called Strike 2-2: Ball 3-2: Ground out 3-1 (Groundball, 34S, EV 84.4 MPH) Ignacio Medina to third
|
|
Batting: RHB Kevin McReynolds
|
0-0: Ball 1-0: Called Strike 1-1: Foul Ball, location: 2F 1-2: Strikes out swinging
|
| Bottom of the 10th over - 0 runs, 1 hit, 0 errors, 1 left on base; Panama City 4 - Castries 2 |
|